Unix NetHack Version 3.7.0-71 Work-in-progress - last build Jan 31 2023 02:41:03 (7ba98a1283f2b7cec35fde026edb48fc825ab8ae,branch:master). Game began 2023-02-12 19:45:23, ended 2023-02-12 20:14:57. SeamusMcRed, chaotic male elven Ranger -- --.- --... --- ------------------ --- .... |.|---|................|--------------|.-- .... |.|...|................|%!?|..|...|...|..| -- --....- |.|...-..--|--.^.......|.."|..|... ...|..| -...| |......- |.|...|..|...|..-----..|...|..|-|---|--..---- - ... -...... |.-----..|...|--|((.|..--%---|-.............-- -... ......- |........|...|..|(].-.............-----..|...| ---..- .....-----........|---|)%|(( |..(...--+-...| ..|..|...----...- ........----..)|(((|.------..{...| |...-...|..|--......--| -......|..-)..|(!(|.............| |...|...|..| --.......| |.<....|..|...|...|-+.....[---%-------------.-| |.......| --.....----...--|-|..|..-|..................).| --.......| |.......|........|..|..|..|----....--------..--|........- --......|..#.....--.-.....|%.@-.)..|...@..|...||....--.|.| ----...|-....{........|%.|.%.|))).d..@@_%|...|--.)>|----- |...--..|....#......-.-----....|.(.(=.|).-- --..| |.......|-...................).|---------- ---- -------------------------------- SeamusMcRed the Trailblazer St:15 Dx:10 Co:16 In:13 Wi:15 Ch:7 Chaotic S:2962 Dlvl:5 $:748 HP:0(45) Pw:32(32) AC:-4 Xp:6/501 T:2163 Latest messages: You cannot drop something you are wearing. You cannot drop something you are wearing. U - an uncursed etched helmet. V - an uncursed pair of jackboots. What do you want to take off? [qtDEH or ?*] You finish taking off your helm. What do you want to wear? [DU or ?*] You finish your dressing maneuver. What do you want to take off? [qtEHU or ?*] You finish taking off your helm. What do you want to wear? [DU or ?*] You finish your dressing maneuver. What do you want to drop? [$a-df-lo-rtvxyA-KM-SUV or ?*] You drop an uncursed +0 etched helmet. What do you want to take off? [qtDEH or ?*] You finish taking off your shoes. What do you want to wear? [HV or ?*] You finish your dressing maneuver. What do you want to take off? [qtDEV or ?*] You finish taking off your boots. What do you want to wear? [HV or ?*] You finish your dressing maneuver. What do you want to wield? [- abdgkpyFR or ?*] a - a +1 elven dagger (weapon in hand). You kill the newt! The watch captain wields a silver saber! The watch captain hurls an emerald potion! The jar crashes on your head and breaks into shards. The emerald potion evaporates. You yawn. Pick an object. What do you want to wield? [- abdgkpyFR or ?*] b - a +1 elven bow (weapon in hand). In what direction? The elven arrow misses the watch captain. The watch captain swings his silver saber. The watch captain hits! The watch captain swings his silver saber. The watch captain hits! # Are you sure you want to pray? [yn] (n) You begin praying to Mars. The watch captain swings his silver saber. The watch captain hits! You die... Do you want your possessions identified? [ynq] (y) Do you want to see your attributes? [ynq] (y) Do you want an account of creatures vanquished? [ynaq] (y) Do you want to see your conduct and achievements? [ynq] (y) Do you want to see the dungeon overview? [ynq] (y) Inventory: Coins $ - 748 gold pieces Weapons y - 11 blessed +0 arrows p - 5 +2 elven arrows F - 35 +2 elven arrows (in quiver) d - a +0 elven arrow b - a +1 elven bow (weapon in hand) k - 38 +0 darts R - a +0 dagger a - a +1 elven dagger g - 2 +0 orcish daggers Armor D - an uncursed greased +0 dwarvish iron helm (being worn) q - an uncursed greased +0 pair of leather gloves (being worn) V - an uncursed +0 pair of high boots H - an uncursed greased +2 pair of iron shoes (being worn) t - an uncursed greased +0 small shield (being worn) E - an uncursed +0 dwarvish mithril-coat (being worn) Comestibles f - 4 uncursed lembas wafers Scrolls r - an uncursed scroll of confuse monster C - an uncursed scroll of create monster h - an uncursed scroll of earth Potions K - 2 uncursed potions of extra healing O - an uncursed potion of gain energy v - an uncursed potion of healing i - an uncursed potion of sleeping Rings j - an uncursed ring of slow digestion J - an uncursed ring of teleport control Wands o - a wand of create monster (0:15) S - a wand of fire (0:4) Tools Q - a can of grease (0:3) x - an uncursed leash l - an uncursed oil lamp c - an uncursed stethoscope G - an uncursed towel Gems/Stones M - an uncursed emerald B - an uncursed jet stone P - an uncursed worthless piece of blue glass N - an uncursed worthless piece of violet glass A - an uncursed worthless piece of yellow glass I - an uncursed flint stone SeamusMcRed the Ranger's attributes: Background: You were a Trailblazer, a level 6 male elven Ranger. You were chaotic, on a mission for Mars who was opposed by Mercury (lawful) and Venus (neutral). You were in the Gnomish Mines, on level 5. You entered the dungeon 2163 turns ago. You had 501 experience points, 139 more were needed to attain level 7. Your score was 2962 before end-of-game adjustments. Basics: You had 0 out of 45 hit points. You had all 32 energy points (spell power). Your armor class was -4. Your wallet contained 748 zorkmids. Autopickup was on for '$"?!=/' plus thrown. Final Characteristics: Your strength was 15 (limit:18). Your dexterity was 10 (limit:18). Your constitution was 16 (limit:16). Your intelligence was 13 (limit:20). Your wisdom was 15 (limit:20). Your charisma was 7 (limit:18). Final Status: You were not hungry. You were unencumbered. You were wielding a bow. You had basic skill with bow and could have enhanced that. Final Attributes: You had transgressed. You were sleep resistant. You were telepathic. You had automatic searching. You had infravision. You were guarded. You are dead. Miscellaneous: You encountered 1 bones level. Total elapsed playing time was 29 minutes and 32 seconds. Major events: Turn 1: SeamusMcRed the chaotic male elven Ranger entered the dungeon 503: entered the Gnomish Mines 528: attained the rank of Lookout (level 3) 1424: reached Mine Town 1568: attained the rank of Trailblazer (level 6) 1568: destroyed WizzyTheWeird's ghost, the former Thaumaturge 2163: killed by a watch captain, while praying Vanquished creatures: a ghost 2 watchmen a gnome mummy a bugbear a mountain nymph 5 gnome leaders 2 gray oozes 2 floating eyes 7 dwarves 4 rothes a hobgoblin a giant rat a red mold 19 gnomes a gecko a jackal 3 kobolds 2 goblins 4 sewer rats 6 grid bugs a lichen 2 newts 68 creatures vanquished. No species were genocided or became extinct. Voluntary challenges: You read items or engraved 1 time. You never engraved Elbereth. You never genocided any monsters. You never polymorphed an object. You never changed form. You used no wishes. Achievements: You entered the Gnomish Mines. You attained the rank of Lookout. You entered Minetown. You entered a temple. You attained the rank of Trailblazer. You entered a shop. The Dungeons of Doom: levels 1 to 2 Level 1: A fountain. Level 2: Some fountains. Stairs down to The Gnomish Mines. The Gnomish Mines: levels 3 to 5 Level 3: Level 4: Level 5: <- You were here. Some shops, a temple, some fountains, a grave, some trees. Final resting place for you, killed by a watch captain, while praying, WizzyTheWeird-Wiz-Hum-Mal-Neu, killed by a wand. Game over: ---------- / \ / REST \ / IN \ / PEACE \ / \ | SeamusMcRed | | 748 Au | | killed by a | | watch captain | | | | | | 2023 | *| * * * | * _________)/\\_//(\/(/\)/\//\/|_)_______ Goodbye SeamusMcRed the Ranger... You died in The Gnomish Mines on dungeon level 5 with 2888 points, and 748 pieces of gold, after 2163 moves. You were level 6 with a maximum of 45 hit points when you died.